 Dungeon Crawl Stone Soup version 0.29.1-14-g9c671dbff4 (webtiles) character file.

Game seed: 16138987288326448247

67 Peloso the Covered (level 3, 0/34 HPs)
             Began as a Minotaur Fighter on Feb 12, 2023.
             Was an Initiate of Okawaru.
             Slain by Terence
             ... wielding a +5 hand axe of freezing
              (3 damage)
             ... on level 3 of the Dungeon.
             The game lasted 00:02:31 (1568 turns).

Peloso the Covered (Minotaur Fighter)               Turns: 1568, Time: 00:02:33

Health: 0/34       AC:  7    Str: 20    XL:     3   Next: 98%
Magic:  2/2        EV:  9    Int:  5    God:    Okawaru [......]
Gold:   182        SH:  4    Dex: 11    Spells: 2/2 levels left

rFire   . . .      SeeInvis .   a - +0 long sword
rCold   . . .      Faith    .   c - +0 buckler
rNeg    . . .      Spirit   .   b - +0 scale mail
rPois   .          Reflect  .   (helmet restricted)
rElec   .          Harm     .   (no cloak)
rCorr   .          Rampage  .   (no gloves)
Will    .....                   (no boots)
Stlth   ..........              (no amulet)
HPRegen 0.11/turn               f - +4 ring of slaying
MPRegen 0.08/turn               (no ring)

@: no status effects
A: horns 2, retaliatory headbutt
a: Renounce Religion


You were on level 3 of the Dungeon.
You worshipped Okawaru.
Okawaru was noncommittal.
You visited 1 branch of the dungeon, and saw 3 of its levels.

You collected 182 gold pieces.

Inventory:

Hand Weapons
 a - a +0 long sword (weapon)
Armour
 b - a +0 scale mail (worn)
 c - a +0 buckler (worn)
Jewellery
 f - a +4 ring of slaying (left hand)
Scrolls
 g - a scroll of poison
 i - 2 scrolls of teleportation
 m - a scroll of noise
 n - 2 scrolls of identify
 o - a scroll of silence
Potions
 d - a potion of might
 e - 2 potions of heal wounds
 h - a potion of curing {unknown}
 j - 2 potions of resistance
 k - a potion of haste
 l - a potion of lignification {unknown}


   Skills:
 + Level 4.3 Fighting
 + Level 2.7 Long Blades
 + Level 4.7 Armour
 + Level 4.2 Shields


You had 2 spell levels left.
You didn't know any spells.
Your spell library was empty.

Dungeon Overview and Level Annotations

Branches:
Dungeon (3/15)

Altars:
Okawaru
Zin

Annotations:
D:3 Terence


Innate Abilities, Weirdness & Mutations

You have a pair of horns on your head.
You reflexively headbutt those who attack you in melee.


Message History

An endoplasm comes into view.
The endoplasm quivers.
You slash the endoplasm!
You kill the endoplasm!
The endoplasm barely misses you.
You slash the endoplasm!
You kill the endoplasm!
n - 2 scrolls of identify (gained 1)
You open the door.
There is an open door here.
There is a fountain of clear blue water here.
There is an iron altar of Okawaru here.
You kneel at the altar of Okawaru.
Okawaru welcomes you!
There is a fountain of clear blue water here.
As you open the door, it creaks loudly!
Terence the Incautious comes into view.
He is wielding a +5 hand axe of freezing and carrying a wand of flame (16).
Terence shouts!
Terence is nearby!
Terence is nearby!
Terence is nearby!
Terence barely misses you.
There is an open door here.
You hit Terence.
Terence is lightly wounded.
Terence hits you with a +5 hand axe of freezing!
Terence freezes you.
Terence drinks a potion.
Terence seems to speed up.
You hit Terence.
Terence is heavily wounded.
Terence zaps a wand.
The puff of flame misses you.
Terence hits you with a +5 hand axe of freezing.
Terence freezes you.
You closely miss Terence.
Terence is heavily wounded.
Terence hits you with a +5 hand axe of freezing.
Terence freezes you.
Terence hits you with a +5 hand axe of freezing!
* * * LOW HITPOINT WARNING * * *
Terence freezes you.
You die...

#... #... #.... .....
### .........#######
####.#.....#........
#..........@....#
#.##...#####@##
#.##..####⌠.⌠.#
#####.#..##.##....#
)).......8...#._..#...
##...#.......#....#.#.
.............#....#..
.........8...#._..#..
...#.....##.##....#.##
...#......####⌠.⌠.#..##


You could see Terence (fast).

Vanquished Creatures
  A gnoll (D:1)
  An adder (D:3)
  3 dart slugs
  2 ball pythons
  4 bats
  4 endoplasms (D:3)
  4 giant cockroaches (D:2)
  4 goblins
  6 hobgoblins
  A quokka (D:2)
  A frilled lizard (D:1)
  7 kobolds
38 creatures vanquished.

Notes
Turn   | Place    | Note
-------+----------+-------------------------------------------
     0 | D:1      | Peloso the Minotaur Fighter began the quest for the Orb.
     0 | D:1      | Reached XP level 1. HP: 19/19 MP: 0/0
   207 | D:1      | Found a faded altar of an unknown god.
   316 | D:1      | Reached XP level 2. HP: 24/27 MP: 1/1
   956 | D:2      | Reached XP level 3. HP: 32/33 MP: 2/2
  1460 | D:3      | Found a glowing silver altar of Zin.
  1460 | D:3      | Found an iron altar of Okawaru.
  1511 | D:3      | Became a worshipper of Warmaster Okawaru
  1564 | D:3      | Noticed Terence
  1568 | D:3      | Slain by Terence

Illustrated notes

Levels and vault maps discovered:
D:1:      lightli_arrival_farm, layout_basic, chequers_ecumenical_altar_lobes,
          serial_glass, glass_columns_b, glass_columns_a, glass_columns_a,
          glass_columns_b
D:2:      layout_basic, dreamdust_princess_bridge
D:3:      layout_rooms, jmf_multi_god_temple, mainiacjoe_overflow_24_doors,
          lemuel_crystal_altar, serial_shops, shop, uniq_natasha, uniq_terence

Skill      XL: |  1  2 |
---------------+-------+-----
Fighting       | 4 |  4.3
Armour         | 4 |  4.7
Shields        | 4 |  4.2
Long Blades    | |  2.7

Action                   || total
-------------------------++-------
Melee: Long sword        ||    76
       Headbutt          ||     9
  Use: Potion            ||     2
       Scroll            ||     4
Armor: Scale mail        ||    41
Dodge: Dodged            ||    36
Block: Buckler           ||    27
